 Dungeon Crawl Stone Soup version 0.19.1 (webtiles) character file.

32 Dfrag the Firebug (level 3, -2/24 HPs)
             Began as a Demonspawn Fire Elementalist on Nov 29, 2016.
             Slain by a phantom (8 damage)
             ... on level 1 of the Dungeon.
             The game lasted 00:01:25 (903 turns).

Dfrag the Firebug (Demonspawn Fire Elementalist)     Turns: 903, Time: 00:01:27

Health: -2/24      AC:  2    Str:  8    XL:     3   Next: 10%
Magic:  3/6        EV: 12    Int: 21    God:
Gold:   65         SH:  0    Dex: 13    Spells: 1 memorised, 6 levels left

rFire  . . .     SeeInvis .     g - +0 short sword (protect)
rCold  . . .     Gourm    .     a - +0 robe
rNeg   . . .     Faith    .     (no shield)
rPois  .         Spirit   .     (no helmet)
rElec  .         Reflect  .     (no cloak)
rCorr  .         Harm     .     (no gloves)
MR     .....                    (no boots)
Stlth  +.........               (no amulet)
                                (no ring)
                                d - +4 ring of intelligence

@: no status effects
A: talons 1, demonic guardian 1
a: no special abilities


You were on level 1 of the Dungeon.
You were not hungry.

You visited 1 branch of the dungeon, and saw 1 of its levels.

You collected 65 gold pieces.

Inventory:

Hand Weapons
 g - a +0 short sword of protection (weapon)
Armour
 a - a +0 robe (worn)
Jewellery
 d - a +4 ring of intelligence (left hand)
Scrolls
 e - a scroll of identify {unknown}
Books
 b - a book of Flames

   Spells                             Type                      Level
   a - Flame Tongue                   Conjuration/Fire             1
   b - Throw Flame                    Conjuration/Fire             2
   c - Conjure Flame                  Conjuration/Fire             3
   d - Inner Flame                    Hexes/Fire                   3
   e - Sticky Flame                   Conjuration/Fire             4
   f - Fireball                       Conjuration/Fire             5
Comestibles
 c - 3 bread rations


   Skills:
 - Level 1.7 Dodging
 - Level 1.7 Stealth
 + Level 2.5 Spellcasting
 + Level 2.2 Conjurations
 + Level 2.9 Fire Magic


You had 6 spell levels left.
You knew the following spells:

 Your Spells              Type           Power        Failure   Level  Hunger
a - Flame Tongue          Conj/Fire      ##...        6%          1    None


Dungeon Overview and Level Annotations

Branches:
Dungeon (1/15)

Altars:


Innate Abilities, Weirdness & Mutations

You have sharp toenails.
A weak demonic guardian rushes to your aid.


Message History

You hit the plant. You claw the plant, but do no damage.
The plant is lightly damaged.
The phantom hits the plant but does no damage.
You enter the shallow water.
Moving in this stuff is going to be slow.
The bat barely misses you.
Something hits the plant but does no damage. x2
The bat hits you.
Your iron imp hits the plant.
Something hits the plant.
A bat comes into view.
The bat barely misses you. The bat completely misses you.
Your iron imp hits the plant but does no damage. x2
The kobold hits you with a dagger.
* * * LOW HITPOINT WARNING * * *
The bat hits you.
* * * LOW HITPOINT WARNING * * *
The bat hits you but does no damage.
The kobold splashes around in the water.
Your iron imp hits the plant but does no damage.
The phantom hits you!
You die...

#.##### #.##.# ####
#.########.##.#####...
#.........>PPPPPPP....
######.##PPPPP≈P♣≈≈P..
####.PPP≈≈≈≈≈≈≈≈P...
#...5PP≈≈≈♣≈.PP≈P...
#.P.P≈♣♣≈≈PP≈..##...
#..PK≈b≈♣PPW......#†
##P@W♣♣♣PPPP#####.#.
#PP≈≈b≈♣PP#.####.##
##P.P≈≈≈♣PPP......##
#.#P.≈P≈≈♣≈≈PPP≈####
#.#...PPPP♣≈≈≈P≈P###
#.######≈≈PP≈♣≈≈)P##
#.....##...P≈PPP≈P##
#.###.##.##.PP.P≈P..
#.#....#.##.#.PP.≈..


You could see a phantom, 2 bats, a kobold and a friendly iron imp.

Vanquished Creatures
  4 dart slugs (D:1)
  2 giant cockroaches (D:1)
  3 goblins (D:1)
  3 hobgoblins (D:1)
  6 kobolds (D:1)
  2 bats (D:1)
  2 frilled lizards (D:1)
  4 rats (D:1)
26 creatures vanquished.

Notes
Turn   | Place    | Note
-------+----------+-------------------------------------------
     0 | D:1      | Dfrag the Demonspawn Fire Elementalist began the quest for the Orb.
     0 | D:1      | Reached XP level 1. HP: 13/13 MP: 3/3
   127 | D:1      | Gained mutation: You have sharp toenails. [demonic ancestry]
   127 | D:1      | Reached XP level 2. HP: 1/19 MP: 0/5
   868 | D:1      | Gained mutation: A weak demonic guardian rushes to your aid. [demonic ancestry]
   868 | D:1      | Reached XP level 3. HP: 8/24 MP: 2/6
   899 | D:1      | Noticed a phantom
   903 | D:1      | Slain by a phantom

Skill      XL: |  1  2 |
---------------+-------+-----
Conjurations   | 2 |  2.2
Dodging        | |  1.7
Stealth        | |  1.7
Spellcasting   | |  2.5
Fire Magic     | |  2.9

Action                   || total
-------------------------++-------
Melee: Unarmed           ||     5
       Short sword       ||    25
       Kick              ||    10
 Cast: Flame Tongue      ||    37
 Stab: Sleeping          ||     1
Armor: Robe              ||     9
Dodge: Dodged            ||    37
